 Dungeon Crawl Stone Soup version 0.28.0-43-g3370ac3207 (webtiles) character file.

Game seed: 2918034965668234633

54697 pkoi the Black Belt (level 14, -15/118 HPs)
             Began as a Red Draconian Monk on Mar 10, 2022.
             Was the Champion of Okawaru.
             Demolished by an entropy weaver simulacrum (20 damage)
             ... in an ice cave.
             The game lasted 00:47:59 (32387 turns).

pkoi the Black Belt (Red Draconian Monk)           Turns: 32387, Time: 00:48:00

Health: -15/118    AC: 11    Str: 11    XL:     14   Next: 35%
Magic:  21/23      EV: 18    Int: 18    God:    Okawaru [******]
Gold:   1223       SH:  5    Dex: 18    Spells: 20/25 levels left

rFire   . . .      SeeInvis .     - Unarmed
rCold   + . .      Faith    .   (no shield)
rNeg    . . .      Spirit   .   (armour unavailable)
rPois   .          Reflect  +   J - +2 hat of Parlour Games {Harm rCorr Int+4 Slay+2}
rElec   .          Harm     +   N - scarf {shadows}
rCorr   +          Rampage  .   C - +0 pair of gloves {infuse}
Will    ++...                   (no boots)
Stlth   ++........              A - amulet of reflection
HPRegen 0.29/turn               e - ring of willpower
MPRegen 0.18/turn               H - ring of ice

@: short of breath
A: breathe fire, AC +8, unfitting armour, fire resistance 1, cold-blooded, beak,
agile 1, weak 1
a: Breathe Fire, Renounce Religion, Heroism, Finesse, Duel


You were in an ice cave.
You worshipped Okawaru.
Okawaru was exalted by your worship.
You visited 3 branches of the dungeon, and saw 19 of its levels.
You also visited: Sewer and Ice Cave.

You collected 1392 gold pieces.
You spent 169 gold pieces at shops.

Inventory:

Hand Weapons
 h - a +1 whip
 x - the +10 whip of Fiptaom {flame, Str+2 Dex+6}
   (You found it on level 8 of the Dungeon)

   It burns those it strikes, dealing additional fire damage.
   Str:       It affects your strength (+2).
   Dex:       It affects your dexterity (+6).
Missiles
 a - 3 throwing nets
 c - 34 poisoned darts (quivered)
 G - a curare-tipped dart
Armour
 o - a +1 pair of gloves
 C - a +0 pair of gloves of infusion (worn)
 D - an orb of mayhem
 J - the +2 hat of Parlour Games (worn) {Harm rCorr Int+4 Slay+2}
   (Okawaru gifted it to you on level 2 of the Lair of Beasts)

   Int:       It affects your intelligence (+4).
   Slay:      It affects your accuracy & damage with ranged weapons and melee
   (+2).
   rCorr:     It protects you from acid and corrosion.
   Harm:      It increases damage dealt and taken.
 N - a scarf of shadows (worn)
Jewellery
 b - a ring of positive energy
 e - a ring of willpower (left hand)
 i - a +4 ring of evasion
 n - a +6 ring of strength
 A - an amulet of reflection (around neck)
 E - a +6 ring of dexterity
 H - a ring of ice (right hand)
 L - a ring of see invisible
 M - a ring of resist corrosion
Wands
 g - a wand of paralysis (6)
 k - a wand of flame (18)
 q - a wand of iceblast (13)
 v - a wand of mindburst (11)
 I - a wand of acid (16)
Scrolls
 j - 2 scrolls of amnesia
 l - 6 scrolls of teleportation
 p - a scroll of vulnerability
 t - 2 scrolls of blinking
 u - 2 scrolls of enchant weapon
 w - 4 scrolls of identify
 y - a scroll of enchant armour
 F - 3 scrolls of magic mapping
Potions
 d - a potion of berserk rage
 f - 3 potions of haste
 m - 2 potions of might
 r - 4 potions of curing
 s - a potion of ambrosia
 z - 3 potions of flight
 B - 2 potions of heal wounds
 K - a potion of invisibility


   Skills:
 - Level 9.0 Fighting
 + Level 10.4 Dodging
 - Level 3.0 Stealth
 + Level 17.6 Unarmed Combat
 - Level 6.0 Spellcasting
 - Level 5.5 Hexes
 - Level 3.0 Air Magic
 - Level 3.0 Poison Magic
 - Level 6.0 Invocations
 - Level 6.0 Evocations


You had 20 spell levels left.
You knew the following spells:

 Your Spells              Type           Power      Damage    Failure   Level
a - Poisonous Vapours     Pois/Air       32%        N/A       5%          2
b - Confusing Touch       Hex            25%        N/A       3%          3

Your spell library contained the following spells:

 Spells                   Type           Power      Damage    Failure   Level
 Slow                     Hex            100%       N/A       1%          1
 Shock                    Conj/Air       40%        1d5       6%          1
 Sting                    Tmut/Pois      40%        1d5       6%          1
 Ensorcelled Hibernation  Hex/Ice        46%        N/A       6%          2
 Swiftness                Air            16%        N/A       11%         3
 Passwall                 Tmut/Erth      4%         N/A       19%         2
 Sublimation of Blood     Necr           5%         N/A       19%         2
 Vampiric Draining        Necr           5%         2d6       34%         3
 Airstrike                Air            8%         N/A       34%         4
 Olgreb's Toxic Radiance  Pois           16%        N/A       34%         4
 Yara's Violent Unravell  Hex/Tmut       7%         3d5       71%         5
 Statue Form              Tmut/Erth      3%         N/A       100%        6
 Enfeeble                 Hex            12%        N/A       100%        7
 Chain Lightning          Conj/Air       5%         3d6       100%        9
 Fire Storm               Conj/Fire      2%         8d1       100%        9
 Shatter                  Erth           2%         3d6*      100%        9
 Haunt                    Necr/Summ      Unusable   N/A       N/A         7

Dungeon Overview and Level Annotations

Branches:
Dungeon (12/15)            Temple (1/1) D:6            Lair (6/6) D:9
  Swamp (0/4) Lair:2        Snake (0/4) Lair:4        Slime (0/5) Lair:5
    Orc (0/2) D:10          Sewer (visited)           IceCv (1/1)

Altars:
Ashenzari
Cheibriados
Dithmenos
Elyvilon
Fedhas
Gozag
Hepliaklqana
Kikubaaqudgha
Makhleb
Nemelex Xobeh
Okawaru
Qazlal
Ru
Sif Muna
Trog
Uskayaw
Vehumet
Wu Jian
Xom
Yredelemnul
Zin
The Shining One

Shops:
D:7 !

Annotations:
D:8 1 runed translucent door, Clumpoid's ghost, novice TrMo
Lair:2 3 runed translucent doors, Jingleheimer's ghost, novice TrMo
Lair:4 Kirke IceCv exclusion: ice statue


Innate Abilities, Weirdness & Mutations

You can breathe blasts of fire.
Your fiery red scales are hard. (AC +8)
You cannot fit into any form of body armour.
Your flesh is heat resistant. (rF+)
You are cold-blooded and may be slowed by cold attacks.
You have a beak for a mouth.
You are agile. (Dex +2)
You are weak. (Str -2)


Message History

You peck the entropy weaver simulacrum.
Your tail-slap misses the entropy weaver simulacrum.
The entropy weaver simulacrum is lightly damaged.
The entropy weaver simulacrum misses you.
The entropy weaver simulacrum hits you but does no damage.
The entropy weaver simulacrum hits you.
The entropy weaver simulacrum freezes you!
You resist.
* * * LOW HITPOINT WARNING * * *
The entropy weaver simulacrum hits you.
* * * LOW HITPOINT WARNING * * *
The entropy weaver simulacrum freezes you!!
You resist.
* * * LOW HITPOINT WARNING * * *
You punch the entropy weaver simulacrum!
You peck the entropy weaver simulacrum.
The entropy weaver simulacrum is heavily damaged.
The entropy weaver simulacrum hits you!
* * * LOW HITPOINT WARNING * * *
The entropy weaver simulacrum freezes you!
You resist.
* * * LOW HITPOINT WARNING * * *
The entropy weaver simulacrum hits you.
* * * LOW HITPOINT WARNING * * *
The entropy weaver simulacrum freezes you!
You resist.
* * * LOW HITPOINT WARNING * * *
The entropy weaver simulacrum hits you but does no damage.
The entropy weaver simulacrum hits you.
* * * LOW HITPOINT WARNING * * *
The entropy weaver simulacrum freezes you!
You resist.
* * * LOW HITPOINT WARNING * * *
You can't do that yet.
The entropy weaver simulacrum hits you but does no damage.
The entropy weaver simulacrum hits you.
* * * LOW HITPOINT WARNING * * *
The entropy weaver simulacrum freezes you!
You resist.
You die...

8.. .. .. ..§ . ..Z.
##### ....# ([...
.(...# ##. #.....###
##.. #....#### ###...
###.ZZ@.### ####....#
###.....#####.....###
####.........####
####...#### ##.##
##.## ##...## #..∩..#
##.∩.##


You could see a demonic crawler simulacrum and an entropy weaver simulacrum.

Vanquished Creatures
  5 hydras
  A boulder beetle (D:11)
  A catoblepas (Lair:6)
  4 two-headed ogres
  2 death knights
  Urug (Lair:3)
  An ugly thing (D:9)
  2 wolf spiders
  A cyclops (D:11)
  An oklob plant (Lair:5)
  13 black mambas
  An ice statue (IceCv)
  A guardian serpent (Lair:5)
  6 elephants (Lair:6)
  16 cane toads
  2 torpor snails
  Maggie (D:8)
  2 freezing wraiths (D:11)
  4 komodo dragons
  A kobold demonologist (D:9)
  A rime drake (Lair:5)
  17 polar bears
  4 hornets
  A tyrant leech (Lair:2)
  Prince Ribbit (D:6)
  9 blink frogs
  2 raiju (Lair:6)
  9 dream sheep
  3 wraiths
  12 wyverns
  18 yaks
  A hog (Lair:3)
  2 vampire mosquitoes (D:11)
  2 basilisks
  A redback (Lair:6)
  Edmund (D:5)
  An acid dragon (D:11)
  2 demonic crawler simulacra (IceCv)
  6 wargs (Lair:6)
  13 hell hounds (Lair:6)
  27 water moccasins
  A necrophage (D:4)
  3 sky beasts
  2 orc warriors
  An ice beast (D:7)
  21 black bears
  An ugly thing simulacrum (IceCv)
  39 wolves
  8 centaurs
  A phantom (D:4)
  6 kobold brigands
  3 scorpions
  A glowing shapeshifter simulacrum (IceCv)
  6 bullfrogs
  13 killer bees
  A water moccasin skeleton (D:5)
  A vampire bat (D:4)
  5 wights
  3 howler monkeys (D:11)
  5 centaur zombies
  3 bullfrog zombies
  2 gnoll shamans
  3 jellies
  5 orc priests
  3 hounds
  A bullfrog skeleton (D:6)
  2 iguanas (D:6)
  10 orc wizards
  6 hell rats (Lair:4)
  A howler monkey zombie (D:10)
  16 gnolls
  A howler monkey skeleton (D:5)
  7 adders
  14 white imps
  An ufetubus (D:5)
  An adder skeleton (D:5)
  4 worms (D:3)
  3 dart slugs
  28 orcs
  5 ball pythons
  5 bat skeletons (D:4)
  A bat zombie (D:4)
  8 endoplasms
  5 giant cockroaches
  2 goblins
  9 hobgoblins
  8 jackals
  6 quokkas
  8 bats
  A frilled lizard (D:3)
  16 kobolds
  7 rats
512 creatures vanquished.

Vanquished Creatures (others)
  A bush (Lair:6)
  52 fungi
  131 plants
184 creatures vanquished.

Grand Total: 696 creatures vanquished

Notes
Turn   | Place    | Note
-------+----------+-------------------------------------------
     0 | D:1      | pkoi the Draconian Monk began the quest for the Orb.
     0 | D:1      | Reached XP level 1. HP: 19/19 MP: 1/1
   348 | D:1      | Reached XP level 2. HP: 26/26 MP: 2/2
   995 | D:1      | Reached XP level 3. HP: 27/33 MP: 3/3
  1349 | D:2      | Found a faded altar of an unknown god.
  2329 | D:3      | Reached XP level 4. HP: 28/40 MP: 4/4
  2568 | D:3      | Reached skill level 4 in Unarmed Combat
  2594 | D:3      | Reached XP level 5. HP: 36/46 MP: 5/5
  2738 | D:3      | Found a glowing drain.
  2742 | Sewer    | Entered a sewer
  2985 | Sewer    | Noticed a water moccasin
  2997 | Sewer    | Killed a water moccasin
  2998 | Sewer    | Reached skill level 5 in Unarmed Combat
  2998 | Sewer    | Reached XP level 6. HP: 48/52 MP: 6/6
  3873 | D:4      | Reached skill level 6 in Unarmed Combat
  3962 | D:4      | Reached skill level 1 in Evocations
  5221 | D:4      | Found an ancient bone altar of Kikubaaqudgha.
  5429 | D:5      | Entered Level 5 of the Dungeon
  5431 | D:5      | Your scales start taking on a fiery red colour.
  5431 | D:5      | Reached XP level 7. HP: 59/59 MP: 7/7
  5431 | D:5      | Gained mutation: Your flesh is heat resistant. (rF+) [Red
                  | Draconian growth]
  5452 | D:5      | Reached skill level 7 in Unarmed Combat
  6238 | D:5      | Noticed Edmund
  6244 | D:5      | Killed Edmund
  6245 | D:5      | Reached skill level 8 in Unarmed Combat
  6607 | D:5      | Found an iron altar of Okawaru.
  6652 | D:5      | Became a worshipper of Warmaster Okawaru
  6652 | D:5      | Reached * piety under Okawaru
  6652 | D:5      | Reached ** piety under Okawaru
  6755 | D:5      | Reached XP level 8. HP: 58/66 MP: 8/8
  6803 | D:4      | Reached skill level 1 in Invocations
  7163 | D:6      | Found a staircase to the Ecumenical Temple.
  7221 | Temple   | Entered the Ecumenical Temple
  8135 | D:6      | Noticed Prince Ribbit
  8157 | D:6      | Killed Prince Ribbit
  8158 | D:6      | Reached skill level 9 in Unarmed Combat
  8708 | D:6      | Reached skill level 5 in Evocations
  9046 | D:7      | Found a glowing silver altar of Zin.
  9059 | D:7      | Noticed a hornet
  9066 | D:7      | Killed a hornet
  9066 | D:7      | Reached *** piety under Okawaru
  9067 | D:7      | Reached XP level 9. HP: 51/71 MP: 11/11
  9792 | D:7      | Reached skill level 10 in Unarmed Combat
  9802 | D:7      | Gained mutation: You tend to lose your temper in combat.
                  | [potion of mutation]
  9803 | D:7      | Lost mutation: You tend to lose your temper in combat.
                  | [potion of mutation]
  9803 | D:7      | Gained mutation: You have hidden genetic potential. [potion
                  | of mutation]
  9803 | D:7      | Gained mutation: You are weak. (Str -2) [potion of
                  | mutation]
 10638 | D:7      | Found Analaame's Distillery.
 10653 | D:7      | Bought a potion of curing for 39 gold pieces
 10653 | D:7      | Bought a potion of haste for 130 gold pieces
 10822 | D:8      | Noticed Clumpoid's ghost (novice TrMo)
 10823 | D:8      | Found a runed translucent door.
 10840 | D:8      | Noticed Maggie
 10856 | D:8      | Killed Maggie
 10856 | D:8      | Reached **** piety under Okawaru
 10857 | D:8      | Reached skill level 5 in Invocations
 11327 | D:8      | Identified the +10 whip of Fiptaom {flame, Str+2 Dex+6}
 11364 | D:8      | Received a gift from Okawaru
 11534 | D:8      | Noticed a two-headed ogre
 11540 | D:8      | Killed a two-headed ogre
 11541 | D:8      | Reached skill level 5 in Dodging
 11541 | D:8      | Reached skill level 11 in Unarmed Combat
 11541 | D:8      | Reached XP level 10. HP: 78/78 MP: 14/14
 11669 | D:8      | Found a blossoming altar of Fedhas.
 11951 | D:8      | Noticed a two-headed ogre
 11957 | D:8      | Killed a two-headed ogre
 11959 | D:8      | Gained mutation: You have a beak for a mouth. [hidden
                  | potential]
 12547 | D:9      | Found a staircase to the Lair.
 12599 | D:9      | Reached ***** piety under Okawaru
 12850 | D:9      | Reached skill level 12 in Unarmed Combat
 13185 | D:9      | Found a broken altar of Ashenzari.
 13302 | D:9      | Noticed a white ugly thing
 13303 | D:9      | Noticed a death knight
 13311 | D:9      | Killed a white ugly thing
 13680 | D:9      | Learned a level 2 spell: Poisonous Vapours
 14044 | D:10     | Entered Level 10 of the Dungeon
 14096 | D:10     | Noticed a two-headed ogre
 14107 | D:10     | Killed a two-headed ogre
 14107 | D:10     | Received a gift from Okawaru
 14108 | D:10     | Reached skill level 13 in Unarmed Combat
 14108 | D:10     | Reached skill level 1 in Spellcasting
 14108 | D:10     | Reached skill level 1 in Air Magic
 14108 | D:10     | Reached skill level 1 in Poison Magic
 14468 | D:10     | Reached XP level 11. HP: 70/84 MP: 12/15
 14605 | D:10     | Found a bloodstained altar of Trog.
 14606 | D:10     | Found a stormy altar of Qazlal.
 14741 | D:10     | Found a white marble altar of Elyvilon.
 14897 | D:10     | Gained mutation: You are agile. (Dex +2) [hidden potential]
 14897 | D:10     | Lost mutation: You have hidden genetic potential. [hidden
                  | potential expressed]
 15104 | D:10     | Found a staircase to the Orcish Mines.
 15488 | D:10     | Noticed a two-headed ogre
 15493 | D:10     | Killed a two-headed ogre
 15915 | Lair:1   | Entered Level 1 of the Lair of Beasts
 15937 | Lair:1   | Noticed a six-headed hydra
 15953 | Lair:1   | Killed a six-headed hydra
 16479 | Lair:1   | Noticed a five-headed hydra
 16536 | Lair:1   | Killed a five-headed hydra
 16803 | Lair:1   | Reached skill level 14 in Unarmed Combat
 17626 | Lair:2   | Learned a level 3 spell: Confusing Touch
 17669 | Lair:2   | HP: 6/127 [black bear (2)]
 18231 | Lair:2   | Reached skill level 1 in Hexes
 18245 | Lair:2   | Reached skill level 5 in Fighting
 18388 | Lair:2   | Identified the +2 hat of Parlour Games {Harm rCorr Int+4
                  | Slay+2} (Okawaru gifted it to you on level 2 of the Lair of
                  | Beasts)
 18388 | Lair:2   | Received a gift from Okawaru
 18394 | Lair:2   | Reached XP level 12. HP: 87/94 MP: 4/17
 18691 | Lair:2   | You fall into a shaft and drop 2 floors!
 18696 | Lair:4   | Reached ****** piety under Okawaru
 18818 | Lair:4   | Found a staircase to the Snake Pit.
 19208 | Lair:4   | Reached skill level 15 in Unarmed Combat
 19269 | Lair:4   | Noticed a four-headed hydra
 19276 | Lair:4   | Killed a four-headed hydra
 19765 | Lair:4   | Noticed Kirke
 20300 | Lair:3   | Got the Compendium of Transformation and Black Arts
 20898 | Lair:3   | Noticed Urug
 20913 | Lair:3   | Killed Urug
 21212 | Lair:2   | Found a staircase to the Swamp.
 21599 | Lair:2   | Found a runed translucent gate.
 21599 | Lair:2   | Found a runed translucent gate.
 21600 | Lair:2   | Found a runed translucent gate.
 21600 | Lair:2   | Noticed a 12-headed hydra
 21602 | Lair:2   | Noticed Jingleheimer's ghost (novice TrMo)
 23092 | Lair:5   | Noticed an eight-headed hydra
 23189 | Lair:5   | Reached skill level 5 in Spellcasting
 23341 | Lair:5   | Killed an eight-headed hydra
 23341 | Lair:5   | Received a gift from Okawaru
 23852 | Lair:5   | Reached XP level 13. HP: 103/104 MP: 17/20
 24075 | Lair:5   | Found a staircase to the Slime Pits.
 24582 | Lair:6   | Entered Level 6 of the Lair of Beasts
 25082 | Lair:5   | Received a gift from Okawaru
 25161 | Lair:5   | Reached skill level 16 in Unarmed Combat
 26527 | Lair:5   | Reached skill level 5 in Hexes
 26994 | Lair:6   | Received a gift from Okawaru
 28760 | Lair:6   | Received a gift from Okawaru
 28918 | Lair:6   | Reached skill level 17 in Unarmed Combat
 29089 | Lair:6   | Reached XP level 14. HP: 95/116 MP: 10/23
 30169 | Lair:6   | Identified the +5 leather armour of Zolota {rC- Str+4
                  | Slay+3 Stlth+}
 30509 | D:9      | Reached skill level 10 in Dodging
 31772 | D:12     | Found a frozen archway.
 31804 | IceCv    | Entered an ice cave
 32387 | IceCv    | HP: 5/118 [entropy weaver simulacrum (2)]
 32387 | IceCv    | Demolished by an entropy weaver simulacrum

Illustrated notes

Levels and vault maps discovered:
D:1:      ncdulo_watergridlock, layout_loops_ring,
          chequers_serial_rivers_large_a
D:2:      layout_loops_corners, shapermc_ecumenical_altar_totnotflames
D:3:      layout_loops_ring, gup_sewer_entry_spiral, kennysheep_generic_room_2
D:4:      layout_loops_ring, kennysheep_vampire_church,
          kennysheep_generic_room_6
D:5:      layout_rooms, kennysheep_mini_moat, uniq_edmund
D:6:      layout_loops_cross, minmay_temple_entry_slanted, grunt_ministairs_7,
          kennysheep_small_circle, uniq_prince_ribbit1
D:7:      layout_basic, zin_treasury, serial_shops,
          nicolae_shop_advertising_works [nicolae_subvault_shop_adworks]
D:8:      layout_basic, fedhas_altar_4, gammafunk_ghost_grave, uniq_maggie
D:9:      layout_rooms, mainiacjoe_overflow_boulevard, lair_entry_dummy,
          minmay_fractal_squares_gapless_7
D:10:     layout_roguey, chequers_temple_overflow_statue_of_worship,
          nicolae_elyvilon_peaceful_grove, david_orc_3, serial_rivers,
          chequers_serial_rivers_micro_d, chequers_serial_rivers_marsh,
          chequers_serial_rivers_large_b, chequers_serial_rivers_micro_a,
          grunt_ministairs_1
D:11:     layout_long_grid
D:12:     layout_roguey, portal_ice_cave_entry_imps
Temple:   dpeg_chambers_temple
Lair:1:   layout_roguey, grunt_megastairs_2, infiniplex_staircase_pool
Lair:2:   beast_lair_carwin_large_4, layout_long_grid, minmay_swamp_entry_worms,
          gammafunk_ghost_hydra_chop
Lair:3:   layout_layer_cave, beast_lair_carwin_9, infiniplex_staircase_pool_2,
          uniq_urug
Lair:4:   layout_concentric_octagons, dummy_snake_entry, serial_bayou_shore_a,
          uniq_kirke
Lair:5:   layout_misc_corridors, minmay_slime_entry_oklob_enclosed
Lair:6:   hangedman_lair_tendril_chambers, layout_long_grid,
          hangedman_lair_caniforms_friends, nicolae_lair_grazing_beasts
          [nicolae_sub_lair_graze_edge, nicolae_sub_lair_graze_edge,
          nicolae_sub_lair_graze_edge, nicolae_sub_lair_graze_edge]
IceCv:    ice_cave_hellmonk_azure_passage

Skill      XL: |  1  2  3  4  5  6  7  8  9 10 11 12 13 14 |
---------------+-------------------------------------------+-----
Stealth        | 2 3 |  3.0
Dodging        | 3 5 6 7 8 9 10 | 10.4
Fighting       | 4 5 6 8 9 |  9.0
Unarmed Combat | 4 5 6 8 9 11 13 14 15 17 | 17.6
Evocations     | 2 3 5 6 |  6.0
Invocations    | 3 5 6 |  6.0
Spellcasting   | 1 3 5 6 |  6.0
Air Magic      | 1 3 |  3.0
Poison Magic   | 1 3 |  3.0
Hexes          | 1 4 5 |  5.5

Action                   |  1- 3 |  4- 6 |  7- 9 | 10-12 | 13-15 || total
-------------------------+-------+-------+-------+-------+-------++-------
Melee: Unarmed           |   178 |   215 |   341 |   346 |   454 ||  1534
       Tailslap          |    24 |    34 |    53 |    97 |    80 ||   288
       Punch             |     4 |     5 |    20 |    46 |    60 ||   135
       Whip              |       |       |    23 |   158 |       ||   181
       Peck              |       |       |       |   104 |   122 ||   226
Throw: Dart              |       |       |    10 |    27 |    58 ||    95
 Cast: Poisonous Vapours |       |       |       |     9 |    50 ||    59
       Confusing Touch   |       |       |       |       |     1 ||     1
 Abil: Breathe Fire      |       |       |    18 |    23 |    14 ||    55
  Use: Scroll            |     1 |     3 |     7 |    10 |       ||    21
       Potion            |       |     3 |     3 |     2 |       ||     8
 Stab: Sleeping          |     6 |     8 |     2 |     8 |     3 ||    27
       Invisible         |       |       |     1 |       |       ||     1
       Distracted        |       |       |       |     3 |     2 ||     5
       Confused          |       |       |       |       |     1 ||     1
Armor: Skin              |    60 |    37 |    94 |   130 |    95 ||   416
Dodge: Dodged            |   127 |   159 |   283 |   428 |   306 ||  1303
Block: Other             |       |       |       |   117 |    84 ||   201
       Reflection        |       |       |       |     2 |       ||     2
